 Dungeon Crawl Stone Soup version 0.31.0-9-g3a7656b989 (webtiles) character file.

Game seed: 7601705749354971961

20 qw the Shooter (level 2, -1/16 HPs)
             Began as a Deep Elf Hunter on Feb 2, 2024.
             Slain by a frilled lizard (3 damage)
             ... on level 1 of the Dungeon.
             The game lasted 00:00:01 (170 turns).

qw the Shooter (Deep Elf Hunter)                     Turns: 170, Time: 00:00:01

Health: -1/16      AC:  3    Str:  8    XL:     2   Next: 58%
Magic:  4/4        EV: 12    Int: 13    God:
Gold:   0          SH:  0    Dex: 18    Spells: 1/1 levels left

rFire   . . .        a - +0 shortbow
rCold   . . .        (shield currently unavailable)
rNeg    . . .        c - +0 leather armour
rPois   .            (no helmet)
rElec   .            (no cloak)
rCorr   .            (no gloves)
SInv    .            (no boots)
Will    .....        (no amulet)
Stlth   ++           (no ring)
HPRegen 0.22/turn    (no ring)
MPRegen 0.09/turn

%: no passive effects
@: no status effects
A: no striking features
a: no special abilities


You were on level 1 of the Dungeon.
You visited 1 branch of the dungeon, and saw 1 of its levels.


   Skills:
 - Level 1.5 Fighting
 + Level 6.3 Ranged Weapons
 - Level 2.4 Dodging
 - Level 1.2 Stealth


You had one spell level left.
You didn't know any spells.
Your spell library was empty.

Inventory:

Hand Weapons
 a - a +0 shortbow (weapon)
Armour
 c - a +0 leather armour (worn)
 d - a +0 pair of boots
Scrolls
 b - a scroll of butterflies
 e - 2 scrolls of poison {unknown}
 f - a scroll of noise {unknown}
 g - a scroll of amnesia {unknown}
 h - a scroll of enchant weapon {unknown}
Potions
 i - a potion of lignification {unknown}

Dungeon Overview and Level Annotations

Branches:
Dungeon (1/15)

Altars:


Message History

The giant cockroach bites you but does no damage.
The quokka bites you.
You shoot an arrow. The arrow closely misses the quokka.
The frilled lizard barely misses you.
The giant cockroach bites you but does no damage.
The quokka bites you.
You shoot an arrow.
The arrow hits the quokka but does no damage.
The quokka closely misses you. The giant cockroach bites you.
The frilled lizard bites you but does no damage.
The quokka bites you. The giant cockroach bites you.
The frilled lizard bites you.
You shoot an arrow. The arrow hits the quokka!
You kill the quokka!
The giant cockroach closely misses you. The frilled lizard bites you.
You shoot an arrow. The arrow hits the endoplasm.
The endoplasm is heavily wounded.
The giant cockroach misses you.
The endoplasm jiggles.
The endoplasm closely misses you.
The frilled lizard bites you but does no damage.
The giant cockroach closely misses you.
You shoot an arrow. The arrow hits the endoplasm.
The endoplasm is almost dead.
The endoplasm barely misses you. The frilled lizard bites you.
The giant cockroach barely misses you.
You shoot an arrow.
The arrow hits the endoplasm but does no damage.
The endoplasm is almost dead.
The giant cockroach barely misses you.
The endoplasm hits you but does no damage.
The frilled lizard closely misses you.
You shoot an arrow. The arrow hits the endoplasm.
You kill the endoplasm!
The giant cockroach barely misses you. The frilled lizard bites you.
The giant cockroach bites you but does no damage.
You shoot an arrow. The arrow hits the dart slug.
The dart slug is severely wounded.
The frilled lizard bites you.
You die...

.>.#........
.........# .!....
.........## .....
..........#### ....
.............# ...
........##.#.# ..
........##.#.####%#
.######.##......#w##.#
.# ###.##...###.@B...#
.###.####..## ###l...#
..%....##.## #...#
###.....#.# ...# #
##.##..# #.# # #..#..#
.# # #...#.# . #
##..#.# . # ##...##


You could see a dart slug, a giant cockroach and a frilled lizard.

Vanquished Creatures
  A ball python (D:1)
  3 bats (D:1)
  4 endoplasms (D:1)
  A giant cockroach (D:1)
  2 goblins (D:1)
  A hobgoblin (D:1)
  2 quokkas (D:1)
  A kobold (D:1)
15 creatures vanquished.

Notes
Turn   | Place    | Note
-------+----------+-------------------------------------------
     0 | D:1      | qw the Deep Elf Hunter began the quest for the Orb.
     0 | D:1      | Reached XP level 1. HP: 12/12 MP: 3/3
     0 | D:1      | 0 ||| qw: Version: 0.3-a-155-g5e7d8dd
     0 | D:1      | 0 ||| qw: Game counter: 2239
     0 | D:1      | 0 ||| qw: Melee chars always use a shield: true
     0 | D:1      | 0 ||| qw: God list: Okawaru
     0 | D:1      | 0 ||| qw: Allow faded altars: false
     0 | D:1      | 0 ||| qw: Do Orc after clearing Dungeon:15 true
     0 | D:1      | 0 ||| qw: Do second Lair branch before Depths: true
     0 | D:1      | 0 ||| qw: Lair rune preference: random
     0 | D:1      | 0 ||| qw: Goals: Normal
     0 | D:1      | 0 ||| PLANNING D:1-11
    79 | D:1      | Reached skill level 6 in Ranged Weapons
    79 | D:1      | Reached XP level 2. HP: 16/16 MP: 4/4
   167 | D:1      | HP: 3/16 [frilled lizard (2)]
   170 | D:1      | Slain by a frilled lizard

Levels and vault maps discovered:
D:1:      dpeg_arrival_round_c, layout_rooms

Skill      XL: |  1 |
---------------+----+-----
Ranged Weapons | 6 |  6.3
Fighting       | |  1.5
Dodging        | |  2.4
Stealth        | |  1.2

Action                     || total
---------------------------++-------
   Fire: Shortbow          ||    48
 Armour: Leather armour    ||    24
  Dodge: Dodged            ||    31

Table legend:
 A = Non-vault XP
 B = Vault XP
 C = Vault XP percentage of total XP
 D = Non-vault monster count
 E = Vault monster count
 F = Vault count percentage of total count
                 A         B        C        D         E       F
            +---------+---------+-------+---------+---------+-------
      Total |      29 |       0 |   0.0 |      15 |       0 |   0.0
            +---------+---------+-------+---------+---------+-------
        D:1 |      29 |       0 |   0.0 |      15 |       0 |   0.0
            +---------+---------+-------+---------+---------+-------
